 Dungeon Crawl Stone Soup version 0.27-a0-29-g2d0a2396b0 (webtiles) character file.

Game seed: 5758687465132529799

532 sanka the Insei (level 7, 55/59 HPs)
             Began as a Yellow Draconian Monk on Jan 3, 2021.
             Was a Priest of Okawaru.
             Quit the game on level 4 of the Dungeon.
             The game lasted 00:03:54 (2688 turns).

sanka the Insei (Yellow Draconian Monk)             Turns: 2688, Time: 00:03:54

Health: 55/59      AC:  7    Str: 20    XL:     7   Next: 4%
Magic:  16/18      EV: 13    Int: 10    God:    Okawaru [***...]
Gold:   85         SH:  0    Dex: 15    Spells: 6/6 levels left

rFire    . . .     SeeInvis .     - Unarmed
rCold    . . .     Faith    +   (no shield)
rNeg     . . .     Spirit   .   (armour unavailable)
rPois    .         Reflect  .   (helmet restricted)
rElec    .         Harm     .   (no cloak)
rCorr    +         Rampage  .   (no gloves)
Will     .....                  r - +0 pair of boots
Stlth    ++........             h - amulet of faith
HPRegen  0.19/turn              o - ring of magical power
MPRegen  0.16/turn              p - +6 ring of strength

@: no status effects
A: spit acid, unfitting armour, cold-blooded, acid resistance, AC +6
a: Breathe Acid, Renounce Religion, Heroism


You were on level 4 of the Dungeon.
You worshipped Okawaru.
Okawaru was most pleased with you.
You visited 1 branch of the dungeon, and saw 4 of its levels.

You collected 85 gold pieces.


Innate Abilities, Weirdness & Mutations

You can spit globs of acid.
Your golden yellow scales are hard. (AC +6)
You cannot fit into any form of body armour.
You are cold-blooded and may be slowed by cold attacks.
You are resistant to acid. (rCorr)


   Skills:
 - Level 4.0 Fighting
 - Level 2.6 Dodging
 - Level 1.7 Stealth
 + Level 7.2 Unarmed Combat
 + Level 2.8 Invocations


You had 6 spell levels left.
You didn't know any spells.
Your spell library was empty.

Inventory:

Armour
 r - a +0 pair of boots (worn)
Jewellery
 a - an uncursed ring of fire
 h - an amulet of faith (around neck)
 i - an uncursed amulet of the acrobat
 l - an uncursed amulet of regeneration
 o - a ring of magical power (left hand)
 p - a +6 ring of strength (right hand)
Wands
 t - a wand of random effects (10)
Scrolls
 d - 2 scrolls of identify {unknown}
 e - 4 scrolls of teleportation {unknown}
 g - a scroll of blinking {unknown}
 j - 4 scrolls of remove curse {unknown}
 k - a scroll of fear {unknown}
 s - a scroll of enchant armour {unknown}
Potions
 b - a potion of ambrosia
 c - a potion of invisibility {unknown}
 f - a potion of attraction {unknown}
 m - a potion of flight {unknown}
 n - a potion of brilliance {unknown}
 q - a potion of resistance {unknown}
 u - a potion of curing {@q1}

Dungeon Overview and Level Annotations

Branches:
Dungeon (4/15)
 Temple: D:4-7

Altars:
Okawaru

▒...............
▒.................
▒.............>..£
▒.................
.▒...).........<...
...................
.................
..▒.†£▒▒†........
▒▒▒d▒▒†.....▒.
▒....▒▒▒▒▒▒ ▒...<.▒
▒▒...▒▒ ▒▒.▒▒ ▒▒▒


There were no monsters in sight!


Message History

Okawaru accepts your kill.
You barely miss the hound. The hound bites you but does no damage.
The hound bites you.
You hit the hound but do no damage. You tail-slap the hound.
The hound is moderately wounded.
The hound completely misses you.
You closely miss the hound. You tail-slap the hound.
The hound is moderately wounded.
The hound closely misses you.
You closely miss the hound.
The hound is moderately wounded.
The hound misses you. The hound bites you.
You miss the hound.
Your tail-slap misses the hound.
You punch the hound!
The hound is almost dead.
The hound bites you but does no damage.
You punch the hound!
You kill the hound!
Okawaru accepts your kill.
You have reached level 7!
Your scales start taking on a golden yellow colour.
You can spit globs of acid.
You feel resistant to acid.
Unknown command.
Are you sure you want to abandon this character and quit the game? (Confirm with "yes".)

Action                   |  1- 3 |  4- 6 |  7- 9 || total
-------------------------+-------+-------+-------++-------
Melee: Unarmed           |   167 |   121 |       ||   288
       Tailslap          |    15 |    21 |       ||    36
       Punch             |     5 |     4 |       ||     9
Invok: Heroism           |       |     1 |       ||     1
  Use: Potion            |       |     1 |       ||     1
 Stab: Sleeping          |     4 |     4 |       ||     8
Armor: Skin              |    46 |    28 |       ||    74
Dodge: Dodged            |   102 |    75 |       ||   177

Levels and vault maps discovered:
D:1:      ncdulo_wetmaze, layout_basic, minmay_lizard_king
D:2:      layout_basic
D:3:      layout_basic, okawaru_ov_weapons_minmay, serial_park_tiny_1,
          uniq_jessica, uniq_sigmund, uniq_terence, uniq_natasha
D:4:      layout_cave_pools, lemuel_doored_altar,
          nicolae_dithmenos_shadow_blocks, ashenzari_altar_1,
          kennysheep_opposing_triangles

Notes
Turn   | Place    | Note
-------+----------+-------------------------------------------
     0 | D:1      | sanka the Draconian Monk began the quest for the Orb.
     0 | D:1      | Reached XP level 1. HP: 19/19 MP: 1/1
   161 | D:1      | Reached XP level 2. HP: 24/27 MP: 2/2
   162 | D:1      | Reached skill level 4 in Fighting
   526 | D:1      | Reached XP level 3. HP: 33/33 MP: 3/3
  1047 | D:2      | Reached skill level 4 in Unarmed Combat
  1626 | D:3      | Noticed Jessica
  1634 | D:3      | Killed Jessica
  1635 | D:3      | Reached XP level 4. HP: 34/40 MP: 4/4
  1756 | D:3      | Noticed Terence
  1820 | D:3      | Reached skill level 5 in Unarmed Combat
  1827 | D:3      | Killed Terence
  1891 | D:3      | Found an iron altar of Okawaru.
  1892 | D:3      | Noticed Sigmund
  1895 | D:3      | Became a worshipper of Warmaster Okawaru
  1895 | D:3      | Reached * piety under Okawaru
  1895 | D:3      | Reached ** piety under Okawaru
  1917 | D:3      | Reached XP level 5. HP: 22/46 MP: 5/5
  1921 | D:3      | Killed Sigmund
  1922 | D:3      | Reached skill level 6 in Unarmed Combat
  1922 | D:3      | Reached XP level 6. HP: 27/52 MP: 6/6
  2008 | D:3      | Noticed Natasha
  2024 | D:3      | Killed Natasha
  2141 | D:3      | Reached skill level 1 in Invocations
  2322 | D:3      | Noticed Natasha
  2332 | D:3      | Killed Natasha
  2523 | D:4      | Reached *** piety under Okawaru
  2524 | D:4      | Reached skill level 7 in Unarmed Combat
  2524 | D:4      | Reached skill level 2 in Invocations
  2688 | D:4      | Your scales start taking on a golden yellow colour.
  2688 | D:4      | Reached XP level 7. HP: 55/59 MP: 9/9
  2688 | D:4      | Gained mutation: You are resistant to acid. (rCorr) [Yellow
                  | Draconian growth]
  2688 | D:4      | Quit the game

Vanquished Creatures
  Sigmund (D:3)
  A scorpion (D:4)
  2 hounds (D:4)
  An orc priest (D:3)
  Jessica (D:3)
  Terence (D:3)
  A worker ant (D:4)
  Natasha (twice) (D:3)
  2 adders (D:3)
  An ooze (D:3)
  An adder skeleton (D:4)
  3 worms
  2 dart slugs (D:1)
  A leopard gecko (D:1)
  4 orcs
  A ball python (D:1)
  4 giant cockroaches (D:1)
  6 goblins
  7 hobgoblins
  3 jackals (D:4)
  5 kobolds
  2 quokkas
  4 bats
  13 frilled lizards
  11 rats
80 creatures vanquished.

Vanquished Creatures (others)
  4 plants (D:1)
4 creatures vanquished.

Grand Total: 84 creatures vanquished
